 Dungeon Crawl Stone Soup version 0.27-a0-887-gcab673c142 (webtiles) character file.

Game seed: 17226236077277344679

851 timneilson the Covered (level 8, -2/48 HPs)
             Began as a Gargoyle Fighter on Apr 3, 2021.
             Killed by divine providence
             ... invoked by an orc priest
              (10 damage)
             ... on level 5 of the Dungeon.
             The game lasted 00:06:32 (5416 turns).

timneilson the Covered (Gargoyle Fighter)           Turns: 5416, Time: 00:06:32

Health: -2/48      AC: 19    Str: 22    XL:     8   Next: 1%
Magic:  8/8        EV:  6    Int:  9    God:
Gold:   192        SH: 10    Dex:  9    Spells: 7/7 levels left

rFire    . . .     SeeInvis .   a - +0 long sword
rCold    . . .     Faith    .   c - +0 kite shield
rNeg     + + .     Spirit   .   q - +0 chain mail
rPois    ∞         Reflect  .   (no helmet)
rElec    +         Harm     .   d - +1 cloak {rCorr}
rCorr    +         Rampage  .   (no gloves)
Will     .....                  g - +0 pair of boots
Stlth    ..........             (no amulet)
HPRegen  0.16/turn              l - ring of positive energy
MPRegen  0.11/turn              (no ring)

@: no status effects
A: AC +5, negative energy resistance 1, electricity resistance, torment
resistance 1, unbreathing 1, petrification resistance
a: no special abilities


You were on level 5 of the Dungeon.
You visited 1 branch of the dungeon, and saw 5 of its levels.

You collected 192 gold pieces.

Inventory:

Hand Weapons
 a - a +0 long sword (weapon)
Armour
 c - a +0 kite shield (worn)
 d - a +1 cloak of preservation (worn)
 g - a +0 pair of boots (worn)
 q - a +0 chain mail (worn)
 r - a +0 plate armour
Jewellery
 l - a ring of positive energy (left hand)
Scrolls
 b - a scroll of identify
 e - 2 scrolls of amnesia
Potions
 f - a potion of brilliance
 i - a potion of resistance
 j - a potion of heal wounds
 k - a potion of mutation {unknown}
 m - a potion of flight {unknown}
 t - a potion of lignification {unknown}


   Skills:
 + Level 4.8 Fighting
 * Level 4.6 Long Blades
 * Level 6.0 Armour
 * Level 6.0 Shields


You had 7 spell levels left.
You didn't know any spells.
Your spell library contained the following spells:

 Spells                   Type           Power      Damage    Failure   Level
 Beastly Appendage        Tmut           0%         N/A       100%        1
 Wereblood                Tmut           0%         N/A       100%        2
 Spider Form              Tmut/Pois      0%         N/A       100%        3
 Ice Form                 Ice/Tmut       0%         N/A       100%        4
 Hydra Form               Tmut           0%         N/A       100%        5


Dungeon Overview and Level Annotations

Branches:
Dungeon (5/15)
 Temple: D:4-7

Altars:

Shops:
D:4 :


Innate Abilities, Weirdness & Mutations

Your stone body is resilient. (AC +5)
You are immune to poison.
You resist negative energy. (rN+)
You are resistant to electric shocks. (rElec)
You are resistant to unholy torment.
You can survive without breathing.
You are immune to petrification.


Message History

The orc is severely wounded.
The orc priest miscasts a cantrip.
The orc hits you but does no damage.
The orc priest calls upon Beogh to heal the orc.
The orc's wounds heal themselves!
The orc hits you but does no damage.
You hear a shout!
You hit the orc but do no damage.
The orc priest mumbles some strange prayers to Beogh against you.
Beogh smites you!
* * * LOW HITPOINT WARNING * * *
You block the orc's attack.
You slash the orc!
You kill the orc!
The orc priest looks braver for a moment.
Unknown command.
The orc priest looks braver for a moment.
An orc comes into view. It is wielding a +0 club.
Items here: )) [ ††.
Your shield and chain mail prevent you from hitting the orc priest.
The orc priest is heavily wounded.
The orc priest calls down the wrath of Beogh upon you.
Pain shoots through your body!
* * * LOW HITPOINT WARNING * * *
You barely miss something.
The orc priest hits you but does no damage.
Something hits you but does no damage.
Unknown command.
You closely miss the orc priest.
The orc priest is heavily wounded.
You block the orc priest's attack. Something hits you but does no damage.
You hit the orc priest.
The orc priest is severely wounded.
The orc priest hits you with a +0 trident.
* * * LOW HITPOINT WARNING * * *
You hear some strange, mumbled words.
A magic dart appears from out of thin air!
The magic dart hits you but does no damage.
The orc priest mumbles some strange prayers to Beogh against you.
Beogh smites you!
You die...

###.### #.##
##.. .......
##.# ....
.......##..##
..!..
#.....†......
#....
##..<.^##.#..
#.....
#..........#
#.....###
#.....##.#.[
....oo{o#
#.....#..###
#@# #.....#.##
#.#####.....<.#
#)....#####.###
#..####...##..#
##. ###..#.##
## ##...# ##..#
##... ......


You could see an orc priest and 2 orcs.

Vanquished Creatures
  Grinder (D:4)
  Edmund (D:4)
  A black bear (D:3)
  A water moccasin skeleton (D:4)
  Crazy Yiuf (D:4)
  A bullfrog skeleton (D:4)
  2 iguanas (D:4)
  2 orc wizards
  3 hound skeletons (D:4)
  6 adders
  3 gnolls (D:3)
  3 worms (D:2)
  5 dart slugs
  20 orcs
  4 bats
  9 endoplasms
  2 giant cockroaches (D:2)
  9 hobgoblins
  7 jackals
  4 kobolds
  2 quokkas
  5 ball pythons
  3 frilled lizards
  6 goblins
  7 rats
108 creatures vanquished.

Notes
Turn   | Place    | Note
-------+----------+-------------------------------------------
     0 | D:1      | timneilson the Gargoyle Fighter began the quest for the
                  | Orb.
     0 | D:1      | Reached XP level 1. HP: 14/14 MP: 1/1
    86 | D:1      | Reached XP level 2. HP: 5/19 MP: 2/2
  1209 | D:1      | Found a faded altar of an unknown god.
  1325 | D:2      | Reached XP level 3. HP: 23/23 MP: 3/3
  2029 | D:2      | Reached XP level 4. HP: 15/28 MP: 4/4
  2703 | D:3      | Noticed a black bear
  2710 | D:3      | Killed a black bear
  2711 | D:3      | Reached XP level 5. HP: 33/33 MP: 5/5
  3198 | D:3      | Reached XP level 6. HP: 38/38 MP: 6/6
  3671 | D:4      | Found a runed translucent door.
  3672 | D:4      | Noticed Crazy Yiuf
  3796 | D:4      | Noticed Grinder
  3803 | D:4      | Reached skill level 5 in Armour
  3811 | D:4      | Paralysed by Grinder for 5 turns
  3817 | D:4      | Killed Grinder
  3818 | D:4      | Reached skill level 5 in Shields
  3818 | D:4      | Reached XP level 7. HP: 26/44 MP: 7/7
  4655 | D:4      | Found Cigiluw's Book Shoppe.
  4703 | D:4      | Noticed Edmund
  4733 | D:4      | Killed Edmund
  5062 | D:4      | Paralysed by Crazy Yiuf for 4 turns
  5073 | D:4      | Killed Crazy Yiuf
  5330 | D:5      | Entered Level 5 of the Dungeon
  5372 | D:5      | Reached XP level 8. HP: 48/48 MP: 8/8
  5416 | D:5      | Killed from afar by an orc priest

Illustrated notes

Levels and vault maps discovered:
D:1:      minmay_arrival_wavy_path, layout_loops_ring,
          shapermc_ecumenical_altar_notcrosses, serial_forest,
          infiniplex_forest_clump_small, infiniplex_forest_zigzag_1,
          infiniplex_forest_clump_cross, infiniplex_forest_straight_2,
          infiniplex_forest_corner_1, infiniplex_forest_lined_4_way,
          infiniplex_forest_zigzag_2, minmay_stone_trees_small,
          minmay_small_reverse_x
D:2:      layout_basic
D:3:      layout_basic, minmay_crystal_water
D:4:      layout_loops_corners, serial_shops, nicolae_shop_waterfront,
          saegor_snake_ambush, uniq_grinder, uniq_crazy_yiuf_cottage,
          uniq_edmund
D:5:      layout_rooms, serial_shops, shop, shop, shop_coins

Skill      XL: |  1  2  3  4  5  6  7 |
---------------+----------------------+-----
Long Blades    | 2 3 4 |  4.6
Armour         | 4 5 6 |  6.0
Shields        | 4 5 6 |  6.0
Fighting       | 4 |  4.8

Action                   |  1- 3 |  4- 6 |  7- 9 || total
-------------------------+-------+-------+-------++-------
Melee: Long sword        |   133 |   167 |   185 ||   485
  Use: Scroll            |     2 |     1 |     6 ||     9
       Potion            |       |     1 |     1 ||     2
Armor: Scale mail        |    84 |   111 |    21 ||   216
       Chain mail        |       |       |    92 ||    92
Dodge: Dodged            |    50 |    54 |    46 ||   150
Block: Kite shield       |    59 |    99 |    96 ||   254
       Rpst.: Long sword |    12 |    14 |    13 ||    39

Table legend: (Time is in decaauts)
 A = Elapsed time spent in this place.
 B = Non-inter-level travel time spent in this place.
 C = Inter-level travel time spent in this place.
 D = Time resting spent in this place.
 E = Time spent auto-exploring this place.
 F = Levels seen in this place.
 G = Mean time per level.
                   A        B        C        D        E       F      G
               +--------+--------+--------+--------+--------+-----+--------+
         Total |   5639 |   5518 |    121 |      0 |   4486 |   5 | 1127.8 |
       Dungeon |   5639 |   5518 |    121 |      0 |   4486 |   5 | 1127.8 |
               +--------+--------+--------+--------+--------+-----+--------+

Top non-repeatable levels by time:
     D:4: 1825 daAuts
     D:1: 1345 daAuts
     D:2: 1233 daAuts
     D:3: 1133 daAuts
     D:5: 101 daAuts
